AoeStats
← Fsy

Fortress

508502820Analyzed
3v3 RM · 8d ago on Sep 22, 2026· 54m 31s· 6 players
Game mode
Random Map
Map size
Large (8 player)
Population
200
Speed
Normal
Resources
Standard
Victory
Conquest
Starting age
Dark Age
Ending age
Imperial Age
RankedLock teamsTeams togetherTeam positionsShared explorationLock speedFull tech treeHidden civsTurbo modeCheats
Victory
Defeat
🇩🇪 Goths · Germany
796
+15
🇦🇷 Britons · Argentina
715
+18
🇹🇷 Huns · Türkiye
628
+22
🇹🇷 Maya · Türkiye
783
-19
🇹🇷 Burmese · Türkiye
754
-18
🇹🇷 Goths · Türkiye
746
-18
4
0:28 Loom
9:07 Feudal Age
9:31 Horse Collar
9:41 Double-Bit Axe
9:58 Gold Mining
10:23 Arson
12:13 Bloodlines
16:07 Stone Mining
20:01 Castle Age
20:25 Forging
20:46 Husbandry
21:04 Marauders
21:30 Bow Saw
21:22 Heavy Plow
22:01 Gold Shaft Mining
21:43 Scale Barding Armor
22:13 Iron Casting
32:03 Chain Barding Armor
32:52 Caravan
37:58 Imperial Age
36:18 Ballistics
39:18 Conscription
38:20 Elite Tarkan
39:30 Atheism
38:33 Pikeman
39:13 Squires
40:15 Blast Furnace
40:41 Two-Man Saw
43:02 Chemistry
42:40 Plate Barding Armor
41:33 Cavalier
48:11 Guilds
David Ygra
2:10 Loom
8:16 Feudal Age
8:40 Horse Collar
8:50 Double-Bit Axe
11:40 Wheelbarrow
14:20 Castle Age
14:53 Forging
15:20 Man-at-Arms
21:23 Heavy Plow
23:23 Scale Mail Armor
25:54 Iron Casting
27:07 Chain Mail Armor
28:30 Anarchy
33:10 Imperial Age
31:00 Gold Mining
31:10 Stone Mining
30:47 Pikeman
31:29 Squires
33:04 Scale Barding Armor
32:50 Fletching
34:43 Conscription
34:24 Perfusion
34:35 Elite Huskarl
38:58 Blast Furnace
40:35 Padded Archer Armor
40:02 Long Swordsman
40:33 Two-Handed Swordsman
40:36 Halberdier
42:46 Chain Barding Armor
41:52 Champion
49:35 Heavy Cavalry Archer
53:12 Bodkin Arrow
54:07 Elite Skirmisher
55:08 Leather Archer Armor
54:53 Bracer
Nahue
1:19 Loom
5:59 Feudal Age
6:25 Double-Bit Axe
12:52 Castle Age
11:26 Stone Mining
14:12 Horse Collar
19:39 Bow Saw
21:09 Heavy Plow
22:46 Padded Archer Armor
22:36 Fletching
26:21 Wheelbarrow
27:00 Crossbowman
30:44 Imperial Age
28:32 Hand Cart
30:08 Bodkin Arrow
30:28 Leather Archer Armor
30:24 Forging
30:15 Scale Mail Armor
29:55 Pikeman
30:21 Gambesons
30:37 Squires
31:45 Bracer
32:04 Caravan
32:33 Town Watch
33:57 Two-Man Saw
34:39 Conscription
35:31 Yeomen
35:02 Arbalester
39:41 Capped Ram
44:15 Ballistics
44:57 Chemistry
45:31 Elite Longbowman
48:38 Ring Archer Armor
48:44 Iron Casting
Fsy
7:48 Feudal Age
8:09 Horse Collar
8:16 Double-Bit Axe
9:10 Wheelbarrow
11:46 Gold Mining
15:14 Castle Age
14:20 Scale Mail Armor
14:32 Forging
15:57 Anarchy
16:12 Bow Saw
16:24 Heavy Plow
19:49 Loom
21:47 Hand Cart
21:57 Chain Mail Armor
22:13 Pikeman
22:53 Squires
23:17 Squires
31:07 Imperial Age
28:01 Man-at-Arms
29:14 Loom
30:23 Long Swordsman
32:28 Iron Casting
32:27 Crop Rotation
33:00 Two-Man Saw
32:05 Perfusion
31:41 Halberdier
31:44 Two-Handed Swordsman
41:34 Champion
51:08 Heavy Scorpion
Beko
2:28 Loom
7:27 Feudal Age
8:08 Horse Collar
9:13 Wheelbarrow
15:17 Castle Age
15:39 Gold Mining
15:44 Stone Mining
17:20 Heavy Plow
18:53 Husbandry
19:05 Bloodlines
19:22 Forging
20:05 Scale Barding Armor
24:11 Light Cavalry
27:05 Hand Cart
29:05 Man-at-Arms
32:20 Imperial Age
30:33 Iron Casting
30:00 Scale Mail Armor
29:42 Long Swordsman
31:40 Squires
32:22 Chain Mail Armor
33:22 Conscription
32:31 Two-Handed Swordsman
34:09 Crop Rotation
34:55 Blast Furnace
34:42 Plate Mail Armor
33:59 Champion
34:48 Squires
35:52 Gambesons
40:12 Chemistry
39:33 Ballistics
41:48 Town Watch
AlliswereLVII
7:49 Feudal Age
9:07 Wheelbarrow
8:36 Double-Bit Axe
10:04 Loom
17:23 Town Watch
21:14 Castle Age
21:28 Eagle Warrior
22:16 Gold Mining
22:39 Bow Saw
25:28 Hand Cart
27:52 Scale Mail Armor
28:03 Forging
31:06 Iron Casting
30:47 Chain Mail Armor
30:34 Padded Archer Armor
36:02 Fletching
36:28 Leather Archer Armor
46:10 Imperial Age
44:51 Town Patrol
46:47 Murder Holes
47:54 Chemistry
53:09 Two-Man Saw
Connection lost

Rejoining the realm…

Still unreachable

The connection could not be restored.

Session expired

The server has moved on; the page needs a fresh start.